cohdb
Replays
Latest Replays
All Replays
Popular Replays
Top Player Replays
Match Explorer
How It Works
Community
CoH3 Stats
Reddit
Sign in to upload your games and track your stats! →
Sign in with Steam
Match 42735577
Unlisted
Match 42735577
Overview
Messages
Build Orders
End
Construct Barracks
Riflemen Squad
1⁄4-ton 4x4 Truck
Riflemen Squad
Riflemen Squad
Infantry Support Center
Construct Motor Pool
M8 Greyhound Armored Car
Engineer Squad
Construct Medical Station
M1 Mortar Team
M1 Anti-tank Gun Team
Selects Heavy Weapons
Selects Assault Carriers
Selects Exchangeable Parts
M1 Anti-tank Gun Team
Construct Weapon Support Center
M3 Assault Carrier
M1919 Machine Gun Team
Grenade Package
M1918 Browning Automatic Rifles
Riflemen Squad
Selects M26 Pershing Heavy Tank
M26 Pershing Heavy Tank
Selects M2HB .50cal Heavy Machine Gun
Engineer Squad
bigrat
HulkSMASH
chochomie
Oras
Arkho
Nuts
0
0
Comments
sign in to comment!
No comments posted yet!